General information
- name: BNet
- type: Ladder team game (AT/RT)
- host: Battle.net
- saver: ThisWorldIsEvil
map: Cherryville
- players: 8
- length: 52:32
- speed: Fast
- version: 1.27 W3XP
- replay type: Public
» download(391 KB)
Players
team 1 (loser)
CompleteNoob712 (
purple | 253 APM | 12900 actions | 51:02)
4 Blademaster
2 Wind Walk
2 Critical Strike
3 Shadow Hunter
1 Hex
2 Healing Wave
3 Tauren Chieftain
2 War Stomp
1 Endurance Aura
» actions
| Assign group hotkey | 61 | |
| Basic commands | 54 | |
| Build / train | 127 | |
| Enter build submenu | 32 | |
| Enter hero's abilities submenu | 12 | |
| Give item / drop item | 7 | |
| Right click | 4800 | |
| Select / deselect | 1216 | |
| Select group hotkey | 5976 | |
| Use ability | 615 | |
12900 total
» units
| Peon | 14 | |
| Troll Witch Doctor | 3 | |
| Shaman | 4 | |
| Spirit Walker | 4 | |
| Kodo Beast | 1 | |
| Wind Rider | 6 | |
32 total
» upgrades
| Spiked Barricades | 1 | |
| Witch Doctor Training | 2 | |
| Reinforced Defenses | 1 | |
| Shaman Training | 3 | |
| Spirit Walker Training | 2 | |
| War Drums Damage Increase | 1 | |
| Envenomed Spears | 1 | |
| Ranged Weapons | 1 | |
| Armor | 1 | |
13 total
» buildings
| Altar of Storms | 1 | |
| Orc Burrow | 12 | |
| Voodoo Lounge | 2 | |
| War Mill | 2 | |
| Stronghold | 3 | |
| Watch Tower | 3 | |
| Fortress | 4 | |
| Spirit Lodge | 2 | |
| Beastiary | 1 | |
| Great Hall | 3 | |
33 total
» build order
00:11 Altar of Storms
00:20 Orc Burrow
00:51 Voodoo Lounge
01:56 War Mill
02:09 Orc Burrow
02:55 Stronghold
02:55 Stronghold
03:11 Watch Tower
03:36 Watch Tower
05:17 Fortress
05:17 Fortress
05:31 Watch Tower
05:33 Spirit Lodge
06:06 Spirit Lodge
06:39 Orc Burrow
09:44 Orc Burrow
10:54 Beastiary
11:32 Orc Burrow
16:37 Orc Burrow
19:48 Orc Burrow
25:27 Great Hall
29:56 Orc Burrow
31:17 Orc Burrow
37:30 Orc Burrow
37:32 Orc Burrow
37:35 Orc Burrow
39:12 Voodoo Lounge
39:43 War Mill
41:16 Great Hall
46:11 Great Hall
» items
| Healing Salve | 2 | |
| Lesser Clarity Potion | 4 | |
| Scroll of Speed | 1 | |
| Circlet of Nobility | 1 | |
| Boots of Speed | 4 | |
| Staff of Teleportation | 3 | |
| Orb of Lightning | 2 | |
| Scroll of Town Portal | 2 | |
| Scroll of Healing | 2 | |
| Scroll of Protection | 1 | |
| Tiny Great Hall | 1 | |
| Periapt of Vitality | 1 | |
24 total
Sylvanas-W. (
orange | 51 APM | 2370 actions | 46:17)
6 Warden
3 Shadow Strike
3 Blink
» actions
| Basic commands | 50 | |
| Build / train | 124 | |
| Enter build submenu | 45 | |
| Enter hero's abilities submenu | 6 | |
| Give item / drop item | 2 | |
| Remove unit from queue | 16 | |
| Right click | 1175 | |
| Select / deselect | 722 | |
| Use ability | 228 | |
2370 total
» units
| Wisp | 62 | |
| Archer | 14 | |
| Druid of the Talon | 5 | |
81 total
» upgrades
| Strength of the Moon | 3 | |
| Moon Armor | 1 | |
| Improved Bows | 1 | |
| Druid of the Talon Training | 2 | |
| Marksmanship | 1 | |
| Nature's Blessing | 1 | |
9 total
» buildings
| Moon Well | 13 | |
| Altar of Elders | 2 | |
| Ancient of War | 5 | |
| Hunter's Hall | 2 | |
| Tree of Ages | 2 | |
| Tree of Life | 10 | |
| Ancient of Wind | 2 | |
| Tree of Eternity | 3 | |
| Ancient of Wonders | 1 | |
| Ancient Protector | 6 | |
46 total
» build order
00:50 Moon Well
01:06 Altar of Elders
01:14 Ancient of War
01:37 Ancient of War
01:49 Moon Well
02:18 Moon Well
03:28 Hunter's Hall
04:07 Tree of Ages
04:07 Tree of Ages
05:28 Tree of Life
05:47 Moon Well
05:56 Moon Well
07:15 Ancient of Wind
07:19 Ancient of Wind
08:55 Tree of Eternity
08:56 Tree of Eternity
09:26 Ancient of Wonders
11:38 Moon Well
12:16 Moon Well
14:16 Ancient Protector
14:23 Ancient Protector
14:29 Ancient Protector
15:54 Tree of Life
22:53 Tree of Life
27:59 Tree of Life
29:26 Tree of Life
31:22 Tree of Life
31:31 Moon Well
31:33 Moon Well
31:36 Moon Well
34:09 Hunter's Hall
34:49 Tree of Life
35:56 Tree of Life
37:35 Ancient Protector
37:38 Ancient Protector
37:41 Ancient Protector
38:35 Tree of Life
41:10 Tree of Life
43:36 Ancient of War
43:40 Ancient of War
43:44 Ancient of War
44:38 Altar of Elders
44:43 Moon Well
44:51 Moon Well
44:57 Moon Well
» items
| Potion of Lesser Invulnerability | 3 | |
| Anti-magic Potion | 3 | |
| Scroll of Town Portal | 2 | |
| Staff of Teleportation | 1 | |
| Healing Salve | 1 | |
10 total
SeabrookMiglla (
red | 49 APM | 1036 actions | 21:07)
1 Blademaster
1 Wind Walk
3 Dark Ranger
2 Black Arrow
1 Life Drain
» actions
| Assign group hotkey | 20 | |
| Build / train | 40 | |
| ESC pressed | 3 | |
| Enter build submenu | 18 | |
| Enter hero's abilities submenu | 4 | |
| Give item / drop item | 1 | |
| Right click | 319 | |
| Select / deselect | 262 | |
| Select group hotkey | 316 | |
| Use ability | 53 | |
1036 total
» units
| Peon | 7 | |
| Grunt | 7 | |
| Wind Rider | 5 | |
| Raider | 3 | |
22 total
» upgrades
| Armor | 1 | |
| Ranged Weapons | 1 | |
| Ensnare | 1 | |
| Pillage | 1 | |
| Envenomed Spears | 1 | |
| Reinforced Defenses | 1 | |
6 total
» buildings
| Altar of Storms | 2 | |
| Orc Burrow | 6 | |
| Barracks | 1 | |
| Voodoo Lounge | 2 | |
| Stronghold | 1 | |
| War Mill | 1 | |
| Beastiary | 2 | |
| Fortress | 1 | |
| Watch Tower | 3 | |
19 total
» build order
00:08 Altar of Storms
00:10 Orc Burrow
00:41 Barracks
01:26 Orc Burrow
01:44 Voodoo Lounge
03:30 Stronghold
03:45 War Mill
04:45 Orc Burrow
05:57 Beastiary
07:14 Beastiary
07:16 Orc Burrow
07:54 Orc Burrow
11:49 Fortress
14:29 Watch Tower
14:32 Watch Tower
14:33 Watch Tower
16:14 Voodoo Lounge
16:17 Orc Burrow
19:27 Altar of Storms
» items
| Healing Salve | 1 | |
| Scroll of Speed | 1 | |
| Lesser Clarity Potion | 1 | |
| Potion of Healing | 1 | |
4 total
ThisWorldIsEvil (
blue | 86 APM | 4525 actions | 52:32)
8 Archmage
3 Summon Water Elemental
3 Brilliance Aura
1 Mass Teleport
1 Blizzard
» actions
| Assign group hotkey | 142 | |
| Basic commands | 142 | |
| Build / train | 222 | |
| ESC pressed | 6 | |
| Enter build submenu | 85 | |
| Enter hero's abilities submenu | 8 | |
| Give item / drop item | 6 | |
| Right click | 1317 | |
| Select / deselect | 508 | |
| Select group hotkey | 1678 | |
| Use ability | 411 | |
4525 total
» units
| Peasant | 18 | |
| Footman | 7 | |
| Goblin Shredder | 2 | |
| Gryphon Rider | 5 | |
| Dragonhawk Rider | 6 | |
| Goblin Zeppelin | 5 | |
43 total
» upgrades
| Masonry | 3 | |
| Swords | 3 | |
| Armor | 3 | |
| Storm Hammers | 1 | |
| Animal War Training | 1 | |
| Cloud | 1 | |
| Spiked Barricades | 1 | |
| Lumber Harvesting | 2 | |
| Strength of the Wild | 1 | |
| Reinforced Hides | 1 | |
| Ultravision | 1 | |
18 total
» buildings
| Altar of Kings | 3 | |
| Barracks | 1 | |
| Farm | 27 | |
| Arcane Vault | 2 | |
| Lumber Mill | 3 | |
| Town Hall | 3 | |
| Scout Tower | 48 | |
| Keep | 9 | |
| Blacksmith | 1 | |
| Guard Tower | 85 | |
| Castle | 6 | |
| Gryphon Aviary | 5 | |
193 total
» build order
01:07 Altar of Kings
01:10 Barracks
01:12 Farm
01:21 Farm
01:27 Farm
01:59 Arcane Vault
02:40 Lumber Mill
02:49 Farm
04:35 Farm
04:38 Farm
05:40 Town Hall
05:42 Scout Tower
05:43 Scout Tower
05:44 Scout Tower
05:45 Scout Tower
06:08 Keep
06:08 Keep
07:18 Blacksmith
07:24 Guard Tower
07:25 Guard Tower
07:25 Guard Tower
07:33 Scout Tower
07:34 Scout Tower
07:36 Scout Tower
07:40 Scout Tower
08:37 Castle
08:39 Guard Tower
08:40 Guard Tower
08:40 Guard Tower
08:40 Guard Tower
08:43 Gryphon Aviary
08:45 Gryphon Aviary
09:22 Scout Tower
09:25 Scout Tower
09:33 Gryphon Aviary
09:36 Gryphon Aviary
11:17 Scout Tower
11:18 Scout Tower
11:20 Scout Tower
11:23 Scout Tower
11:25 Scout Tower
11:26 Scout Tower
11:27 Scout Tower
11:28 Scout Tower
11:53 Guard Tower
11:53 Guard Tower
11:53 Guard Tower
12:11 Guard Tower
12:11 Guard Tower
12:12 Guard Tower
12:14 Guard Tower
12:14 Guard Tower
12:14 Guard Tower
12:43 Guard Tower
12:43 Guard Tower
12:43 Guard Tower
13:17 Guard Tower
13:17 Guard Tower
13:18 Guard Tower
13:18 Guard Tower
14:56 Town Hall
14:59 Scout Tower
14:59 Scout Tower
15:01 Scout Tower
15:02 Scout Tower
15:03 Scout Tower
15:04 Scout Tower
15:04 Scout Tower
15:05 Scout Tower
15:07 Scout Tower
15:08 Scout Tower
15:09 Scout Tower
15:12 Arcane Vault
15:27 Guard Tower
15:34 Guard Tower
15:34 Guard Tower
15:34 Guard Tower
15:35 Guard Tower
15:51 Guard Tower
15:51 Guard Tower
15:52 Guard Tower
15:56 Guard Tower
15:56 Guard Tower
15:57 Guard Tower
16:07 Guard Tower
16:19 Guard Tower
16:19 Guard Tower
16:19 Guard Tower
16:32 Guard Tower
16:32 Guard Tower
16:33 Guard Tower
16:34 Guard Tower
16:35 Guard Tower
16:35 Guard Tower
16:46 Farm
16:46 Farm
16:47 Farm
16:50 Farm
16:51 Farm
16:53 Farm
24:27 Scout Tower
24:27 Scout Tower
24:28 Scout Tower
24:30 Scout Tower
25:17 Farm
25:18 Farm
25:18 Farm
25:20 Farm
25:22 Guard Tower
25:23 Guard Tower
25:23 Guard Tower
27:41 Keep
27:41 Keep
27:42 Keep
27:52 Altar of Kings
28:13 Lumber Mill
28:18 Scout Tower
28:18 Scout Tower
28:19 Scout Tower
28:20 Scout Tower
30:31 Town Hall
30:34 Farm
30:36 Farm
32:14 Farm
32:15 Farm
32:17 Farm
34:00 Farm
34:03 Farm
34:06 Farm
34:07 Farm
34:08 Farm
34:10 Keep
34:10 Keep
35:43 Lumber Mill
36:39 Scout Tower
36:40 Scout Tower
36:56 Scout Tower
36:59 Scout Tower
37:15 Guard Tower
37:30 Guard Tower
37:30 Guard Tower
37:30 Guard Tower
37:35 Guard Tower
37:35 Guard Tower
37:35 Guard Tower
37:43 Scout Tower
37:44 Scout Tower
37:46 Scout Tower
37:49 Scout Tower
37:54 Guard Tower
37:54 Guard Tower
38:04 Scout Tower
38:07 Scout Tower
38:08 Scout Tower
38:23 Farm
38:27 Guard Tower
38:27 Guard Tower
38:27 Guard Tower
38:28 Guard Tower
38:35 Guard Tower
38:58 Guard Tower
38:59 Guard Tower
38:59 Guard Tower
38:59 Guard Tower
41:06 Altar of Kings
42:37 Castle
42:37 Castle
42:37 Castle
42:53 Gryphon Aviary
» items
| Scroll of Regeneration | 7 | |
| Mechanical Critter | 5 | |
| Potion of Invisibility | 1 | |
| Scroll of Town Portal | 3 | |
| Staff of Sanctuary | 1 | |
| Staff of Teleportation | 1 | |
18 total
team 2 (winner)

»
Cabrakan (
green | 20 APM | 1052 actions | 52:32)
6 Death Knight
3 Death Coil
2 Unholy Aura
1 Animate Dead
3 Lich
2 Frost Nova
1 Frost Armor
» actions
| Assign group hotkey | 9 | |
| Basic commands | 6 | |
| Build / train | 69 | |
| Enter build submenu | 19 | |
| Enter hero's abilities submenu | 9 | |
| Give item / drop item | 1 | |
| Right click | 498 | |
| Select / deselect | 280 | |
| Select group hotkey | 103 | |
| Use ability | 58 | |
1052 total
» units
| Acolyte | 7 | |
| Ghoul | 3 | |
| Crypt Fiend | 11 | |
| Obsidian Statue | 3 | |
| Necromancer | 5 | |
29 total
» upgrades
| Creature Attack | 3 | |
| Creature Carapace | 3 | |
| Web | 1 | |
| Necromancer Training | 2 | |
| Skeletal Longevity | 1 | |
| Unholy Strength | 1 | |
| Unholy Armor | 1 | |
12 total
» buildings
| Altar of Darkness | 1 | |
| Crypt | 1 | |
| Ziggurat | 10 | |
| Tomb of Relics | 1 | |
| Graveyard | 1 | |
| Nerubian Tower | 5 | |
| Halls of the Dead | 1 | |
| Spirit Tower | 5 | |
| Temple of the Damned | 1 | |
| Slaughterhouse | 1 | |
| Black Citadel | 1 | |
| Necropolis | 1 | |
29 total
» build order
00:46 Altar of Darkness
00:52 Crypt
00:58 Ziggurat
01:13 Tomb of Relics
01:20 Graveyard
01:36 Ziggurat
02:14 Nerubian Tower
04:41 Ziggurat
05:11 Halls of the Dead
07:15 Spirit Tower
07:19 Ziggurat
08:31 Nerubian Tower
08:46 Temple of the Damned
08:49 Slaughterhouse
11:30 Black Citadel
11:37 Ziggurat
12:27 Ziggurat
17:57 Nerubian Tower
20:14 Spirit Tower
22:18 Ziggurat
22:21 Ziggurat
22:25 Ziggurat
22:27 Ziggurat
23:23 Spirit Tower
24:40 Nerubian Tower
24:42 Nerubian Tower
24:43 Spirit Tower
24:44 Spirit Tower
26:20 Necropolis
» items
| Rod of Necromancy | 2 | |
| Dust of Appearance | 2 | |
| Scroll of Town Portal | 1 | |
5 total
feehan55 (
teal | 53 APM | 2027 actions | 38:32)
7 Mountain King
3 Storm Bolt
3 Bash
1 Avatar
» actions
| Assign group hotkey | 11 | |
| Basic commands | 1 | |
| Build / train | 81 | |
| Enter build submenu | 34 | |
| Enter hero's abilities submenu | 7 | |
| Give item / drop item | 1 | |
| Remove unit from queue | 3 | |
| Right click | 1215 | |
| Select / deselect | 322 | |
| Select group hotkey | 271 | |
| Use ability | 81 | |
2027 total
» units
| Peasant | 13 | |
| Rifleman | 11 | |
| Goblin Shredder | 1 | |
| Mortar Team | 4 | |
| Flying Machine | 13 | |
42 total
» upgrades
| Gunpowder | 3 | |
| Armor | 3 | |
| Long Rifles | 1 | |
| Flare | 1 | |
| Fragmentation Shards | 1 | |
| Flak Cannons | 1 | |
| Flying Machine Bombs | 1 | |
| Masonry | 1 | |
12 total
» buildings
| Altar of Kings | 1 | |
| Farm | 13 | |
| Barracks | 2 | |
| Blacksmith | 1 | |
| Arcane Vault | 1 | |
| Keep | 1 | |
| Town Hall | 2 | |
| Castle | 1 | |
| Lumber Mill | 1 | |
| Workshop | 2 | |
| Scout Tower | 6 | |
| Guard Tower | 6 | |
37 total
» build order
00:21 Altar of Kings
00:36 Farm
00:51 Barracks
01:14 Farm
01:56 Blacksmith
02:09 Barracks
02:19 Farm
03:05 Farm
03:44 Farm
04:15 Arcane Vault
04:39 Keep
05:27 Farm
07:36 Town Hall
07:58 Castle
08:01 Lumber Mill
08:34 Workshop
08:38 Workshop
09:17 Town Hall
12:23 Farm
14:04 Farm
16:12 Scout Tower
16:58 Farm
17:28 Guard Tower
17:34 Scout Tower
17:57 Farm
18:29 Guard Tower
18:30 Scout Tower
19:40 Guard Tower
19:42 Scout Tower
19:56 Farm
20:35 Guard Tower
20:39 Scout Tower
21:24 Guard Tower
21:26 Scout Tower
21:58 Guard Tower
23:18 Farm
23:21 Farm
» items
| Scroll of Regeneration | 2 | |
| Orb of Fire | 1 | |
| Potion of Healing | 2 | |
| Potion of Lesser Invulnerability | 2 | |
| Scroll of Town Portal | 2 | |
9 total
OrcishJihad (
pink | 64 APM | 3364 actions | 52:32)
7 Blademaster
3 Wind Walk
3 Critical Strike
1 Mirror Image
» actions
| Assign group hotkey | 77 | |
| Basic commands | 176 | |
| Build / train | 81 | |
| Enter build submenu | 100 | |
| Enter hero's abilities submenu | 7 | |
| Give item / drop item | 1 | |
| Remove unit from queue | 2 | |
| Right click | 1315 | |
| Select / deselect | 480 | |
| Select group hotkey | 868 | |
| Use ability | 257 | |
3364 total
» units
| Peon | 18 | |
| Grunt | 4 | |
| Goblin Shredder | 1 | |
| Goblin Sapper | 5 | |
| Troll Witch Doctor | 4 | |
| Wind Rider | 10 | |
42 total
» upgrades
| Reinforced Defenses | 1 | |
| Witch Doctor Training | 2 | |
| Armor | 3 | |
| Ranged Weapons | 3 | |
| Pillage | 1 | |
| Troll Regeneration | 1 | |
| Melee Weapons | 1 | |
| Shaman Training | 1 | |
| Burning Oil | 1 | |
| Envenomed Spears | 1 | |
15 total
» buildings
| Orc Burrow | 9 | |
| Altar of Storms | 1 | |
| Barracks | 1 | |
| Voodoo Lounge | 3 | |
| War Mill | 1 | |
| Stronghold | 1 | |
| Watch Tower | 83 | |
| Great Hall | 4 | |
| Fortress | 1 | |
| Spirit Lodge | 1 | |
| Beastiary | 7 | |
112 total
» build order
00:13 Orc Burrow
00:54 Altar of Storms
00:55 Barracks
01:05 Orc Burrow
01:49 Voodoo Lounge
02:41 War Mill
03:34 Stronghold
04:18 Watch Tower
04:20 Watch Tower
05:02 Watch Tower
05:03 Watch Tower
06:29 Great Hall
06:29 Watch Tower
06:47 Watch Tower
07:10 Watch Tower
07:11 Watch Tower
07:13 Watch Tower
07:15 Watch Tower
07:36 Orc Burrow
07:49 Watch Tower
09:57 Watch Tower
10:02 Watch Tower
10:03 Watch Tower
13:21 Fortress
13:26 Watch Tower
13:27 Watch Tower
13:37 Spirit Lodge
14:30 Watch Tower
14:31 Watch Tower
14:37 Watch Tower
14:38 Watch Tower
14:38 Watch Tower
14:38 Watch Tower
14:39 Watch Tower
16:45 Watch Tower
16:47 Watch Tower
16:47 Watch Tower
16:48 Watch Tower
21:35 Beastiary
21:40 Beastiary
21:40 Beastiary
21:43 Beastiary
21:49 Beastiary
22:05 Watch Tower
22:06 Watch Tower
22:06 Watch Tower
22:07 Watch Tower
22:08 Watch Tower
22:27 Watch Tower
22:28 Watch Tower
22:31 Watch Tower
22:32 Watch Tower
28:38 Great Hall
28:41 Watch Tower
28:41 Watch Tower
28:42 Watch Tower
28:44 Watch Tower
28:44 Watch Tower
28:44 Watch Tower
28:45 Watch Tower
28:46 Watch Tower
28:46 Watch Tower
28:47 Watch Tower
28:47 Watch Tower
28:54 Voodoo Lounge
28:57 Watch Tower
29:05 Watch Tower
29:05 Watch Tower
30:49 Orc Burrow
30:51 Orc Burrow
30:53 Orc Burrow
30:56 Orc Burrow
30:58 Orc Burrow
31:03 Orc Burrow
31:16 Beastiary
31:21 Beastiary
40:47 Great Hall
40:51 Watch Tower
40:51 Watch Tower
40:52 Watch Tower
40:52 Watch Tower
40:54 Watch Tower
40:55 Watch Tower
40:55 Watch Tower
40:55 Watch Tower
40:56 Watch Tower
40:57 Watch Tower
40:57 Watch Tower
40:59 Voodoo Lounge
41:15 Watch Tower
41:16 Watch Tower
41:20 Watch Tower
41:21 Watch Tower
41:21 Watch Tower
41:22 Watch Tower
48:12 Great Hall
48:15 Watch Tower
48:16 Watch Tower
48:17 Watch Tower
48:19 Watch Tower
48:19 Watch Tower
48:20 Watch Tower
48:20 Watch Tower
49:20 Watch Tower
49:23 Watch Tower
49:28 Watch Tower
49:29 Watch Tower
49:30 Watch Tower
49:50 Watch Tower
» items
| Healing Salve | 4 | |
| Potion of Healing | 2 | |
| Potion of Mana | 1 | |
| Lesser Clarity Potion | 1 | |
| Scroll of Town Portal | 2 | |
| Orb of Lightning | 1 | |
| Staff of Teleportation | 1 | |
12 total

»
ih8naggers (
yellow | 51 APM | 1881 actions | 37:08)
5 Archmage
3 Summon Water Elemental
2 Brilliance Aura
5 Paladin
3 Holy Light
1 Divine Shield
1 Devotion Aura
» actions
| Basic commands | 84 | |
| Build / train | 96 | |
| Enter build submenu | 37 | |
| Enter hero's abilities submenu | 12 | |
| Give item / drop item | 4 | |
| Remove unit from queue | 2 | |
| Right click | 727 | |
| Select / deselect | 704 | |
| Use ability | 215 | |
1881 total
» units
| Peasant | 19 | |
| Footman | 3 | |
| Dragonhawk Rider | 12 | |
| Gryphon Rider | 4 | |
| Knight | 1 | |
39 total
» upgrades
| Defend | 1 | |
| Masonry | 3 | |
| Swords | 3 | |
| Armor | 3 | |
| Lumber Harvesting | 2 | |
| Animal War Training | 1 | |
| Cloud | 1 | |
| Storm Hammers | 2 | |
| Plating | 2 | |
18 total
» buildings
| Altar of Kings | 1 | |
| Farm | 15 | |
| Barracks | 1 | |
| Lumber Mill | 1 | |
| Scout Tower | 10 | |
| Arcane Tower | 2 | |
| Keep | 1 | |
| Arcane Vault | 1 | |
| Blacksmith | 1 | |
| Guard Tower | 6 | |
| Castle | 1 | |
| Town Hall | 5 | |
| Gryphon Aviary | 4 | |
49 total
» build order
00:07 Altar of Kings
00:10 Farm
00:57 Barracks
01:33 Farm
01:38 Farm
01:49 Lumber Mill
01:54 Scout Tower
02:33 Arcane Tower
05:05 Keep
06:02 Arcane Vault
06:46 Scout Tower
07:16 Blacksmith
07:21 Guard Tower
07:37 Scout Tower
07:38 Castle
08:12 Town Hall
08:24 Scout Tower
08:27 Scout Tower
08:47 Guard Tower
08:51 Scout Tower
08:55 Gryphon Aviary
09:03 Guard Tower
09:05 Guard Tower
09:08 Scout Tower
09:24 Guard Tower
09:42 Gryphon Aviary
09:46 Farm
09:52 Arcane Tower
11:15 Farm
11:16 Farm
13:35 Farm
13:46 Farm
14:33 Scout Tower
16:01 Guard Tower
16:44 Farm
20:48 Town Hall
22:46 Town Hall
22:49 Farm
22:50 Farm
22:52 Farm
22:52 Farm
24:02 Town Hall
24:13 Farm
27:57 Gryphon Aviary
28:01 Gryphon Aviary
30:50 Scout Tower
30:52 Scout Tower
32:28 Town Hall
» items
| Healing Salve | 2 | |
| Scroll of Regeneration | 3 | |
| Orb of Fire | 2 | |
| Scroll of Town Portal | 7 | |
14 total
Chat log
(00:35 / Allies) SeabrookMiglla: rush?
(00:39 / Allies) ThisWorldIsEvil: No thanks
(00:41 / Allies) ThisWorldIsEvil: I'm in no rush
(00:45 / Allies) ThisWorldIsEvil: I think I'd like to take my time
(00:58 / Allies) SeabrookMiglla: we got a comedian here tonight
(01:14 / Allies) ThisWorldIsEvil: thanks
(01:19 / Allies) ThisWorldIsEvil: my mom says I'm funny too
(01:29 / All) CompleteNoob712: just america is evil
(01:31 / Allies) Sylvanas-W.: jk lol
(01:41 / All) ih8naggers: how u figa?
(01:46 / All) SeabrookMiglla: oh god
(01:48 / All) feehan55: bm hawks
(01:50 / All) SeabrookMiglla: here we fucking go
(01:56 / All) SeabrookMiglla: the warcraft 3 think tank
(02:05 / All) ThisWorldIsEvil: something big's about to happen
(02:10 / All) ThisWorldIsEvil: so I guess it's time to REPENT
(02:12 / All) ThisWorldIsEvil: REPENT!
(02:14 / All) ThisWorldIsEvil: REPENT!
(02:17 / All) SeabrookMiglla: better not tk me you fuck
(02:20 / All) ThisWorldIsEvil: CUZ I SAW THE FACE OF GOD!
(02:23 / All) ih8naggers: u cray son
(02:31 / All) ih8naggers: aint u on mah tk liss red?
(02:39 / All) SeabrookMiglla: psh
(02:45 / All) SeabrookMiglla: yeah
(02:52 / All) SeabrookMiglla: thats how i got to lvl 26
(03:10 / All) ih8naggers: hum?
(03:12 / All) SeabrookMiglla: im killing your farm btw
(03:18 / All) ih8naggers: i c yo
(03:24 / All) SeabrookMiglla: ninja
(04:41 / All) OrcishJihad: Wtf it stopped
(04:52 / All) ih8naggers: i kind lagin
(04:59 / All) OrcishJihad: 2 lucky kills noob
(06:02 / All) OrcishJihad: you suck
(06:11 / All) ih8naggers: i sawlo
(06:12 / All) CompleteNoob712: oink oink
(06:46 / Allies) SeabrookMiglla: hah a frog!
(08:52 / All) OrcishJihad: how are you above 50%
(09:18 / All) ih8naggers: i supris blew aint tk yet
(09:55 / All) ih8naggers: he seem da tipe
(10:32 / All) OrcishJihad: nuice mh
(12:40 / Allies) SeabrookMiglla: they looking like they wann throw down
(13:38 / Allies) SeabrookMiglla: get a tower up orange
(16:10 / Allies) SeabrookMiglla: ty
(18:40 / Allies) SeabrookMiglla: we need siege
(19:28 / Allies) CompleteNoob712: leave it
(19:36 / All) ih8naggers: ur shits getin fuxd bruhawn
(20:19 / Allies) CompleteNoob712: bring your griffons
(20:25 / Allies) ThisWorldIsEvil: k
(20:28 / Allies) SeabrookMiglla: how in the world do you have 9000 gold
(20:40 / Allies) ThisWorldIsEvil: I'm good at saving
(20:44 / Allies) ThisWorldIsEvil: I'm like the Donald Trump of 4v4 players
(20:50 / Allies) ThisWorldIsEvil: I can turn a small amount of gold into billions
(20:51 / All) SeabrookMiglla: you coward
(20:57 / All) ih8naggers: wut i do?
(21:01 / All) SeabrookMiglla: this guy has got 9000 gold and no units
(21:03 / All) SeabrookMiglla: fml
(21:07 / All) ThisWorldIsEvil: I have 80 food son
(21:17 / All) ih8naggers: but i a nub
(25:41 / All) ih8naggers: u thot u wuz slix homie?
(25:51 / All) ThisWorldIsEvil: I know I'm slick
(25:59 / All) ih8naggers: u trippn brew
(26:12 / Allies) CompleteNoob712: gold blue
(30:01 / Allies) CompleteNoob712: back
(38:29 / All) feehan55: tk, not worth my time haha goodnight
(38:35 / All) ThisWorldIsEvil: NICE
(39:15 / Allies) ThisWorldIsEvil: ty
(39:42 / All) ThisWorldIsEvil: that's a beautiful fleet of wyverns
(39:52 / All) ThisWorldIsEvil: so many wind riders in formation
(43:02 / Allies) CompleteNoob712: we need tanks
(43:39 / All) ThisWorldIsEvil: Time to explain the rules of the game fellas
(43:48 / All) ThisWorldIsEvil: Listen up everyone, me and pink were in this from the start
(43:52 / All) ThisWorldIsEvil: You will all have an equal shot at winning
(44:04 / All) ThisWorldIsEvil: We are going to kill everything, including our own units, and leave nothing left
(44:14 / All) ThisWorldIsEvil: and all you will be able to do is leave your PC on all night for the win
(44:26 / All) OrcishJihad: go
(44:37 / All) ThisWorldIsEvil: Sound fair?
(44:43 / All) ThisWorldIsEvil: Will you all stay for the standoff and a fair chance at winning?
(45:19 / All) OrcishJihad: hmm why the fuck those wyvs following you
(45:30 / All) ThisWorldIsEvil: not sure lol
(49:05 / All) CompleteNoob712: gugugaga
(49:34 / All) CompleteNoob712: oink oink
(49:56 / All) CompleteNoob712: blue you're a noob and low life
(50:17 / All) OrcishJihad: sumwun cranky?
(50:20 / All) OrcishJihad: baby need bahbah?>
(50:29 / All) CompleteNoob712: nah it's just a game
(50:30 / All) CompleteNoob712: LOLL
(50:34 / All) ThisWorldIsEvil: I think that I'm a professional
(50:37 / All) ThisWorldIsEvil: and you're a vicious loser
(50:42 / All) CompleteNoob712: hope you feel better ^^
(50:50 / All) CompleteNoob712: you 2 feel better ? :D lol
(50:52 / All) ThisWorldIsEvil: Never felt better man
(51:00 / All) CompleteNoob712: ROFL as if noob
(51:07 / All) ThisWorldIsEvil: bad luck green
(51:25 / All) ThisWorldIsEvil: damn that's a lot of shit to kill
(51:29 / All) OrcishJihad: TT
(51:38 / All) OrcishJihad: IMO we should just give purp the loss
(51:45 / All) OrcishJihad: green is only going to be 50%
(52:03 / All) OrcishJihad: and purple is 20-11 and annoying noob harasser
(52:25 / All) ThisWorldIsEvil: aight